AoeStats
← Conquerors

Black Forest

507510177Analyzed
4v4 RM · 14d ago on Sep 18, 2026· 30m 56s· 8 players
Game mode
Random Map
Map size
Large (8 player)
Population
200
Speed
Normal
Resources
Standard
Victory
Conquest
Starting age
Dark Age
Ending age
Imperial Age
RankedLock teamsTeams togetherTeam positionsShared explorationLock speedFull tech treeHidden civsTurbo modeCheats
Victory
Defeat
🇮🇳 Hindustanis · India
719
+15
🇲🇽 Persians · Mexico
697
+16
🇪🇸 Britons · Spain
692
+16
🇮🇳 Persians · India
643
+18
🇹🇼 Bohemians · Taiwan
765
-19
🇩🇿 Berbers · Algeria
727
-44
🇯🇵 Gurjaras · Japan
668
-15
🇮🇳 Persians · India
608
-13
zuri_gos
0:27 Loom
16:03 Feudal Age
17:23 Wheelbarrow
16:47 Double-Bit Axe
16:47 Horse Collar
22:19 Castle Age
23:44 Bow Saw
28:09 Fletching
28:20 Padded Archer Armor
28:14 Pikeman
29:36 Crossbowman
Conquerors
0:49 Loom
11:29 Feudal Age
16:10 Wheelbarrow
20:27 Castle Age
Shahanshah 7
0:34 Loom
13:43 Feudal Age
19:31 Castle Age
19:23 Wheelbarrow
23:08 Double-Bit Axe
25:33 Scale Mail Armor
25:43 Forging
31:07 Iron Casting
30:48 Chain Mail Armor
Rompe--Anos
0:27 Loom
13:50 Feudal Age
18:45 Castle Age
17:28 Double-Bit Axe
21:04 Horse Collar
21:38 Bow Saw
SlimDZ16
12:05 Feudal Age
16:51 Loom
17:42 Wheelbarrow
16:53 Town Watch
19:21 Double-Bit Axe
22:28 Horse Collar
25:35 Man-at-Arms
26:01 Arson
Loopia
Test
2:19 Loom
gokulsurya003
3:36 Loom
5:25 Loom
14:50 Feudal Age
15:15 Town Watch
16:05 Wheelbarrow
15:16 Horse Collar
18:39 Double-Bit Axe
19:51 Gold Mining
19:51 Stone Mining
23:17 Castle Age
23:28 Forging
Connection lost

Rejoining the realm…

Still unreachable

The connection could not be restored.

Session expired

The server has moved on; the page needs a fresh start.